 Dungeon Crawl Stone Soup version 0.19-a0-1170-g18f0c96 (webtiles) character file.

31365 epen the Spear-Bearer (level 13, -4/105 HPs)
             Began as a Merfolk Monk on Aug 16, 2016.
             Was a High Priest of the Shining One.
             Blown up by an eye of devastation (31 damage)
             ... with a bolt of energy
             ... on level 5 of the Lair of Beasts.
             The game lasted 00:36:26 (20465 turns).

epen the Spear-Bearer (Merfolk Monk)               Turns: 20465, Time: 00:36:28

Health: -4/105     AC: 20    Str: 20    XL:     13   Next: 57%
Magic:  10/18      EV: 23    Int: 15    God:    the Shining One [*****.]
Gold:   1063       SH:  0    Dex: 25    Spells: 0 memorised, 12 levels left

rFire  + . .     SeeInvis +     P - +3 bardiche (chop)
rCold  . . .     Gourm    .     L - +3 ring mail
rNeg   + + .     Faith    .     (shield currently unavailable)
rPois  .         Spirit   .     O - +2 helmet {SInv}
rElec  .         Dismiss  .     X - +0 cloak
rCorr  .         Reflect  .     (no gloves)
MR     .....     Harm     .     a - +2 pair of boots "Lierch" {rF+ Int+4 Dex+8}
Stlth  +.........               M - amulet of regeneration
                                U - +4 ring of strength
                                F - ring of flight

@: glowing
A: change form in water, swift swim, iridescent scales 1, clever 1
a: Divine Shield, Cleansing Flame, Summon Divine Warrior, Renounce Religion,
Evoke Flight


You were on level 5 of the Lair of Beasts.
You worshipped the Shining One.
The Shining One was extremely pleased with you.
You were not hungry.

You visited 2 branches of the dungeon, and saw 16 of its levels.
You also visited: Bailey.

You collected 1252 gold pieces.
You spent 189 gold pieces at shops.

Inventory:

Hand Weapons
 e - a +2 trident of flaming
 P - a +3 bardiche of chopping (weapon)
Armour
 a - the +2 pair of boots "Lierch" (worn) {rF+ Int+4 Dex+8}
   (You found it on level 4 of the Lair of Beasts)

   It affects your intelligence (+4).
   It affects your dexterity (+8).
   It protects you from fire.
 L - a +3 ring mail (worn)
 O - a +2 helmet of see invisible (worn)
 X - a +0 cloak (worn)
Jewellery
 r - an uncursed ring of ice
 F - a ring of flight (left hand)
 M - an amulet of regeneration (around neck)
 U - a +4 ring of strength (right hand)
Wands
 n - a wand of iceblast (5/15)
 w - a wand of confusion (30/48)
 D - a wand of acid (4/15)
 T - a wand of digging (24/24)
 V - a wand of digging (11/24)
Scrolls
 d - 11 scrolls of identify
 f - 9 scrolls of teleportation
 g - 4 scrolls of immolation
 h - 3 scrolls of fog
 i - 5 scrolls of magic mapping
 j - 4 scrolls of fear
 o - 8 scrolls of remove curse
 s - 7 scrolls of enchant armour
 x - a scroll of amnesia
 y - a scroll of noise
 A - a scroll of enchant weapon
 R - a scroll of blinking
Potions
 b - a potion of cure mutation
 l - 2 potions of haste
 m - 2 potions of curing
 p - 3 potions of lignification
 q - a potion of cancellation
 t - a potion of magic
 v - 6 potions of brilliance
 B - 2 potions of ambrosia
 G - 4 potions of berserk rage
 H - 4 potions of flight
 K - a potion of heal wounds
 N - a potion of invisibility
 Q - 2 potions of might
 S - a potion of resistance
Books
 u - a book of Alchemy

   Spells                             Type                      Level
   a - Sublimation of Blood           Necromancy                   2
   b - Ignite Poison                  Fire/Transmutation/Poison    3
   c - Petrify                        Transmutation/Earth          4
   d - Alistair's Intoxication        Transmutation/Poison         5
   e - Irradiate                      Conjuration/Transmutation    5
 W - a book of the Sky

   Spells                             Type                      Level
   a - Summon Lightning Spire         Summoning/Air                4
   b - Airstrike                      Air                          4
   c - Silence                        Hexes/Air                    5
   d - Deflect Missiles               Charms/Air                   6
   e - Conjure Ball Lightning         Conjuration/Air              6
   f - Tornado                        Air                          9
Miscellaneous
 Z - a sack of spiders
Comestibles
 c - 19 bread rations
 k - a slice of pizza
 z - 5 beef jerkies
 C - 7 meat rations
 E - 6 fruits
 Y - 2 royal jellies


   Skills:
 + Level 10.9 Fighting
 + Level 13.8 Polearms
 * Level 10.3 Armour
 + Level 12.5 Dodging
 - Level 2.1 Stealth
 * Level 7.9 Invocations
 + Level 4.8 Evocations


You had 12 spell levels left.
You didn't know any spells.

Dungeon Overview and Level Annotations

Branches:
Dungeon (11/15)            Temple (0/1) D:6            Lair (5/6) D:9
 Shoals (0/4) Lair:3       Spider (0/4) Lair:4        Slime (0/5) Lair:5
    Orc (0/2) D:10

Altars:
Ashenzari
Kikubaaqudgha
Makhleb
Nemelex Xobeh
Okawaru
Qazlal
Ru
Sif Muna
Uskayaw
Xom
Yredelemnul
Zin
The Shining One

Shops:
D:6 [   D:8 =:?[

Portals:
Trove: D:10 (lose all piety)


Innate Abilities, Weirdness & Mutations

You revert to your normal form in water.
You are very nimble and swift while swimming.
You are partially covered in iridescent scales. (AC +2)
Your mind is acute. (Int +2)


Message History

The eye of devastation is heavily wounded.
The river rat misses you. The eye of devastation gazes at you.
The bolt of energy hits the river rat.
The river rat is blown up!
The bolt of energy misses you.
Attack whom?
Press: ? - help, Dir - move target cursor, f/p - eye of devastation
Aim: an eye of devastation (heavily wounded, haloed)
You reach to attack!
You slash the eye of devastation!
The eye of devastation is almost dead.
Attack whom?
Press: ? - help, Dir - move target cursor, f/p - eye of devastation
Aim: an eye of devastation (almost dead, haloed)
You reach to attack!
You hit the eye of devastation but do no damage.
The eye of devastation is almost dead.
The eye of devastation gazes at you. The bolt of energy hits you!
You die...

....... .#..
........#%......#.$
..%................
............>....#.
....... ...........
....... #........
.......#.#.G#..#
.......@###....#
........##.....#..
....##..G..........
.............r.....
..#................
#................
#.#...###........
......#. .......#.
...... . ........


You could see an eye of devastation.

Vanquished Creatures
  Fannar (Lair:2)
  A hydra (D:11)
  A centaur warrior (D:10)
  3 death yaks (Lair:3)
  An orc high priest (Bailey)
  4 iron golems (D:9)
  An unseen horror (D:10)
  2 orc knights (Bailey)
  3 hill giants
  Pikel (D:8)
  The ghost of inmateoo the Geomancer, a novice GrEE (D:8)
  2 black mambas (Lair:4)
  A torpor snail (Lair:4)
  An ice statue (Lair:1)
  Maurice (D:9)
  6 spiny frogs
  A kobold demonologist (Bailey)
  5 komodo dragons
  A polar bear (Lair:4)
  Prince Ribbit (D:7)
  3 blink frogs (Lair:3)
  Sigmund (D:4)
  A tarantella (Lair:4)
  16 yaks
  A wyvern (D:11)
  A basilisk (Lair:3)
  3 hippogriffs
  Eustachio (D:4)
  A steam dragon (D:10)
  Menkaure (D:4)
  5 water moccasins
  16 orc warriors
  11 porcupines
  3 ice beasts
  4 slaves (D:8)
  3 sky beasts
  2 phantoms
  An eye of draining (Lair:5)
  5 ogres
  16 wolves
  7 crocodiles
  7 centaurs
  A big kobold (D:10)
  16 giant frogs
  A gnoll sergeant (D:5)
  3 scorpions
  A howler monkey (D:5)
  10 electric eels
  10 crimson imps
  3 jellies
  2 giant frog zombies
  A centaur zombie (D:7)
  3 hounds
  8 orc wizards
  A giant frog skeleton (D:9)
  A gnoll shaman (D:9)
  9 orc priests
  4 centaur skeletons
  6 iguanas
  5 worker ants
  A hell rat (D:9)
  4 sheep (Lair:4)
  A hound zombie (D:11)
  A hound skeleton (D:6)
  A howler monkey zombie (D:8)
  11 adders
  15 gnolls
  42 river rats
  A shadow imp (D:5)
  2 oozes (D:5)
  An adder zombie (D:8)
  An adder skeleton (D:4)
  2 worms (D:2)
  13 dart slugs
  7 giant geckos
  59 orcs
  6 giant cockroaches
  17 hobgoblins
  17 jackals
  3 quokkas
  2 ball pythons
  10 bats
  6 giant newts
  16 goblins
  13 kobolds
  2 quokka zombies
  7 rats
  A plant (Lair:2)
494 creatures vanquished.

Vanquished Creatures (others)
  A river rat (Lair:5)
  A worm (D:2)
  An orc (D:9)
  3 fungi
  3 plants
9 creatures vanquished.

Grand Total: 503 creatures vanquished

Notes
Turn   | Place    | Note
-------+----------+-------------------------------------------
     0 | D:1      | epen the Merfolk Monk began the quest for the Orb.
     0 | D:1      | Reached XP level 1. HP: 18/18 MP: 1/1
   389 | D:1      | Reached XP level 2. HP: 17/24 MP: 2/2
  1124 | D:2      | Reached skill level 1 in Armour
  1124 | D:2      | Reached XP level 3. HP: 17/29 MP: 3/3
  1567 | D:2      | Found a glowing golden altar of the Shining One.
  1569 | D:2      | Noticed an angel
  1575 | D:2      | Became a worshipper of the Shining One
  1575 | D:2      | Reached * piety under the Shining One
  1575 | D:2      | Reached ** piety under the Shining One
  1593 | D:2      | Found a basalt altar of Yredelemnul.
  1658 | D:2      | Reached XP level 4. HP: 37/37 MP: 4/4
  1871 | D:2      | Reached skill level 5 in Polearms
  2284 | D:3      | Reached skill level 5 in Dodging
  2284 | D:3      | Reached XP level 5. HP: 42/42 MP: 5/5
  2698 | D:3      | Reached XP level 6. HP: 15/48 MP: 6/6
  3091 | D:3      | Found a shimmering altar of Xom.
  3177 | D:3      | Reached skill level 6 in Polearms
  3343 | D:3      | Reached XP level 7. HP: 33/55 MP: 7/7
  3990 | D:4      | Reached *** piety under the Shining One
  4103 | D:4      | Found a sparkling altar of Nemelex Xobeh.
  4434 | D:4      | Noticed Sigmund
  4456 | D:4      | Reached skill level 5 in Fighting
  4708 | D:4      | Found a hide-covered altar of Uskayaw.
  4786 | D:4      | Noticed a hand axe
  4786 | D:4      | Noticed Menkaure
  4787 | D:4      | Noticed a dagger
  4801 | D:4      | Killed Menkaure
  5227 | D:4      | Noticed Eustachio
  5265 | D:4      | HP: 1/56 [Eustachio/rapier (4)]
  5270 | D:4      | Killed Eustachio
  5270 | D:4      | Reached skill level 7 in Polearms
  5270 | D:4      | Reached XP level 8. HP: 29/63 MP: 8/8
  5580 | D:4      | Killed Sigmund
  5903 | D:5      | Entered Level 5 of the Dungeon
  6337 | D:5      | Found a burning altar of Makhleb.
  6535 | D:5      | Reached skill level 8 in Polearms
  6535 | D:5      | Reached skill level 5 in Armour
  7118 | D:5      | HP: 2/64 [gnoll sergeant/trident of flaming (3)]
  7483 | D:5      | Found a stormy altar of Qazlal.
  7483 | D:5      | Found an iron altar of Okawaru.
  7492 | D:5      | Found a shattered altar of Ashenzari.
  7492 | D:5      | Found a glowing silver altar of Zin.
  7505 | D:5      | Reached XP level 9. HP: 70/70 MP: 9/9
  7555 | D:5      | Found a sparkling altar of Nemelex Xobeh.
  7825 | D:5      | Found a sacrificial altar of Ru.
  7847 | D:6      | Found a sparkling altar of Nemelex Xobeh.
  7935 | D:6      | Found a staircase to the Ecumenical Temple.
  7952 | D:6      | Found a deep blue altar of Sif Muna.
  8015 | D:6      | Found Nuxaer's Antique Armour Shoppe.
  8652 | D:7      | Reached skill level 9 in Polearms
  8653 | D:7      | Reached **** piety under the Shining One
  8788 | D:7      | Noticed Prince Ribbit
  9102 | D:7      | Found a flagged portal.
  9115 | D:7      | Killed Prince Ribbit
  9138 | Bailey   | Entered a bailey
  9467 | Bailey   | Noticed an orc high priest
  9467 | Bailey   | Noticed a kobold demonologist
  9467 | Bailey   | Found an iron altar of Okawaru.
  9474 | Bailey   | Noticed a rust devil
  9490 | Bailey   | Noticed a sun demon
  9563 | Bailey   | Noticed a red devil
  9563 | Bailey   | Killed a kobold demonologist
  9563 | Bailey   | Reached XP level 10. HP: 76/79 MP: 10/10
  9565 | Bailey   | Noticed a sixfirhy
  9570 | Bailey   | Reached skill level 10 in Polearms
  9809 | Bailey   | Noticed an orc knight
  9849 | Bailey   | Killed an orc knight
  9944 | Bailey   | Killed an orc high priest
 10024 | Bailey   | Got a fine quick blade
 10033 | Bailey   | Identified the +10 quick blade of Iqitz {drain, rElec rN+ MR+ Dex-5} (You found it in a bailey)
 10062 | Bailey   | Identified the Almanac of the Warped Snowflakes
 10373 | Bailey   | Noticed an orc knight
 10437 | Bailey   | Killed an orc knight
 10437 | Bailey   | Reached skill level 10 in Dodging
 10593 | D:7      | Reached skill level 11 in Polearms
 10662 | D:7      | Gained mutation: You are clumsy. (Dex -2) [mutagenic meat]
 10665 | D:7      | Gained mutation: You are partially covered in iridescent scales. (AC +2) [mutagenic meat]
 10668 | D:7      | Gained mutation: You are occasionally teleported next to monsters. [mutagenic meat]
 10671 | D:7      | Gained mutation: You expend magic power (3 MP) to strengthen your wands. [mutagenic meat]
 10674 | D:7      | Lost mutation: You are clumsy. (Dex -2) [mutagenic meat]
 10677 | D:7      | Gained mutation: Your mind is acute. (Int +2) [mutagenic meat]
 10877 | D:7      | Reached XP level 11. HP: 87/87 MP: 11/11
 11036 | D:8      | Noticed Pikel
 11046 | D:8      | Killed Pikel
 11125 | D:8      | Found Nyruqip's Magic Scroll Shop.
 11136 | D:8      | Bought a scroll of blinking for 105 gold pieces
 11136 | D:8      | Bought 2 scrolls of teleportation for 84 gold pieces
 11400 | D:8      | Found an ancient bone altar of Kikubaaqudgha.
 11546 | D:8      | Noticed inmateoo's ghost (novice GrEE)
 11581 | D:8      | Killed inmateoo's ghost
 11631 | D:8      | Found Vusuuw's Jewellery Boutique.
 11667 | D:8      | Found Caut's Book Boutique.
 11825 | D:8      | Found Ricuklua's Antique Armour Boutique.
 11996 | D:9      | Reached ***** piety under the Shining One
 12117 | D:9      | Found a staircase to the Lair.
 12240 | D:9      | Noticed Maurice
 12255 | D:9      | Killed Maurice
 12702 | D:10     | Entered Level 10 of the Dungeon
 12707 | D:10     | Noticed a centaur warrior
 12708 | D:10     | Noticed an iron golem
 12708 | D:10     | Noticed an iron golem
 12708 | D:10     | Noticed an iron golem
 12708 | D:10     | Noticed an iron golem
 13010 | D:10     | Noticed a hill giant
 13019 | D:10     | Killed a hill giant
 13079 | D:10     | Found a portal to a secret trove of treasure.
 13126 | D:10     | Found a staircase to the Orcish Mines.
 13134 | D:10     | Noticed an unseen horror
 13143 | D:10     | Killed an unseen horror
 13304 | D:10     | Reached skill level 12 in Polearms
 13424 | D:10     | Reached skill level 1 in Invocations
 13754 | D:9      | Killed an iron golem
 13813 | D:9      | Killed an iron golem
 13813 | D:9      | Reached skill level 1 in Evocations
 13994 | D:9      | Killed an iron golem
 14298 | D:10     | Reached XP level 12. HP: 92/97 MP: 14/14
 14308 | D:10     | Killed a centaur warrior
 14770 | D:9      | Killed an iron golem
 15059 | D:11     | Reached skill level 10 in Fighting
 15067 | D:11     | Gained mutation: Armour fits poorly on your strangely shaped body. [potion of mutation]
 15067 | D:11     | Gained mutation: You are mostly covered in iridescent scales. (AC +4) [potion of mutation]
 15068 | D:11     | Lost mutation: You are occasionally teleported next to monsters. [potion of cure mutation]
 15068 | D:11     | Lost mutation: Armour fits poorly on your strangely shaped body. [potion of cure mutation]
 15068 | D:11     | Lost mutation: You are mostly covered in iridescent scales. (AC +4) [potion of cure mutation]
 15068 | D:11     | Lost mutation: You expend magic power (3 MP) to strengthen your wands. [potion of cure mutation]
 15293 | D:11     | Noticed a five-headed hydra
 15315 | D:11     | Killed a five-headed hydra
 15774 | Lair:1   | Entered Level 1 of the Lair of Beasts
 15793 | Lair:1   | Reached skill level 5 in Invocations
 17080 | Lair:2   | Noticed Fannar
 17115 | Lair:2   | Killed Fannar
 17115 | Lair:2   | Reached skill level 13 in Polearms
 18096 | Lair:3   | Reached XP level 13. HP: 34/104 MP: 17/17
 18098 | Lair:3   | Found a staircase to the Shoals.
 18504 | Lair:3   | Reached skill level 10 in Armour
 19630 | Lair:4   | Got a pair of slimy boots
 19636 | Lair:4   | Identified the +2 pair of boots "Lierch" {rF+ Int+4 Dex+8} (You found it on level 4 of the Lair of Beasts)
 19850 | Lair:4   | Found a hole to the Spider Nest.
 20451 | Lair:5   | Found a staircase to the Slime Pits.
 20465 | Lair:5   | Blown up by an eye of devastation

Vault maps used:
D:1:      ncdulo_halloftheorcs
D:2:      grunt_temple_overflow_holy_war, first_bread, minmay_ruptured
D:3:      led_xom_imps, serial_park_tiny_pond
D:4:      kennysheep_slugbush, nemelex_xobeh_ov_fountains_minmay,
          dancing_weapons_uskayaw, minmay_misc_feat_hallway, uniq_eustachio,
          uniq_menkaure, uniq_sigmund
D:5:      grunt_temple_overflow_cloverleaf, lemuel_doored_altar,
          kennysheep_mini_moat, dk_noncrumbling_4, minmay_fountain_box,
          nemelex_dance_club_becter
D:6:      wad_woods_stonehenge, old_standard_altar, serial_shops, shop,
          corexii_hall_statues_i, hangedman_decor_clover_reticule
D:7:      enter_bailey_3, uniq_prince_ribbit1
D:8:      kennysheep_mini, serial_shops, nicolae_shop_waterfront, shop, shop,
          nicolae_shop_competitors_out_of_business, uniq_pikel
D:9:      dpeg_lair_monsters, serial_glass, glass_columns_c, glass_columns_a,
          uniq_maurice
D:10:     cheibrodos_stairvault_heist, orc_0_dummy,
          nicolae_trove_entry_free_sample
Lair:1:   statuecave_lemuel, ldierk_geyser
Lair:2:   serial_bayou, serial_bayou_lake_a, serial_bayou_pond_b,
          serial_bayou_shore_a, serial_bayou_pond_d, small_statue_intersection,
          grunt_forest_small_clearing_treed, uniq_fannar
Lair:3:   minmay_shoals_entry_centaurs, serial_bayou_shore_b
Lair:4:   spider_nest_entry_rubble
Lair:5:   minmay_slime_entry_eyes, wad_woods_02, uniq_kirke
Bailey:   bailey_axe_of_yendor_kennysheep, bailey

Skill      XL: |  1  2  3  4  5  6  7  8  9 10 11 12 13 |
---------------+----------------------------------------+-----
Armour         | 1 2 3 4 5 6 8 9 10 | 10.3
Polearms       | 5 6 7 8 9 11 12 13 | 13.8
Fighting       | 4 5 6 7 8 9 10 | 10.9
Dodging        | 5 6 7 9 10 11 12 | 12.5
Invocations    | 3 6 7 |  7.9
Evocations     | 1 3 4 |  4.8
Stealth        | |  2.1

Action                   |  1- 3 |  4- 6 |  7- 9 | 10-12 | 13-15 || total
-------------------------+-------+-------+-------+-------+-------++-------
Melee: Spear             |   120 |   376 |   521 |       |       ||  1017
       Tailslap          |       |       |     5 |    14 |       ||    19
       Trident           |       |       |   177 |   488 |       ||   665
       Bardiche          |       |       |       |   347 |   189 ||   536
Invok: Divine Shield     |       |     1 |     1 |     1 |     1 ||     4
  Use: Potion            |       |       |     7 |     2 |       ||     9
       Scroll            |       |       |     7 |    19 |       ||    26
 Stab: Sleeping          |     7 |     1 |     3 |     1 |       ||    12
       Distracted        |       |     1 |       |       |       ||     1
  Eat: Chunk             |     2 |     6 |    16 |    24 |     7 ||    55
       Meat ration       |       |       |     1 |     2 |       ||     3
Armor: Robe              |    12 |    41 |     4 |       |       ||    57
       Leather armour    |       |       |    71 |     3 |       ||    74
       Skin              |       |       |     2 |       |       ||     2
       Ring mail         |       |       |       |   137 |    73 ||   210
Dodge: Dodged            |    54 |   213 |   352 |   464 |   266 ||  1349
Block: Other             |       |     1 |     4 |     2 |    17 ||    24
